 Dungeon Crawl Stone Soup version 0.31-a0-536-ga3e2962e35 (webtiles) character file.

Game seed: 6745702451776420093

94 Ethylacetat the Ducker (level 4, -3/30 HPs)
             Began as an Octopode Gladiator on Aug 13, 2023.
             Slain by a goblin
             ... wielding a +0 club
             ... led by Robin
              (6 damage)
             ... on level 3 of the Dungeon.
             The game lasted 00:02:12 (1990 turns).

Ethylacetat the Ducker (Octopode Gladiator)         Turns: 1990, Time: 00:02:13

Health: -3/30      AC:  1    Str: 13    XL:     4   Next: 63%
Magic:  4/4        EV: 14    Int: 10    God:
Gold:   53         SH:  0    Dex: 15    Spells: 3/3 levels left

rFire   . . .        a - +0 long sword
rCold   + . .        (no shield)
rNeg    . . .        b - +0 hat
rPois   .            (no amulet)
rElec   .            g - ring of protection from cold
rCorr   .            j - ring of see invisible
SInv    +            (no ring)
Will    .....        (no ring)
Stlth   +++          (no ring)
HPRegen 0.25/turn    (no ring)
MPRegen 0.09/turn    (no ring)
                     (no ring)

%: no passive effects
@: no status effects
A: almost no armour, amphibious, 8 rings, camouflage 1, gelatinous body 1,
(nimble swimmer 1), tentacles
a: no special abilities


You were on level 3 of the Dungeon.
You visited 1 branch of the dungeon, and saw 3 of its levels.

You collected 53 gold pieces.

Inventory:

Hand Weapons
 a - a +0 long sword (weapon)
Missiles
 c - 3 throwing nets (quivered)
 d - a javelin
Armour
 b - a +0 hat (worn)
Jewellery
 g - a ring of protection from cold (left tentacle)
 j - a ring of see invisible (right tentacle)
Talismans
 l - a flux talisman
Scrolls
 f - 2 scrolls of teleportation {unknown}
 h - a scroll of enchant armour {unknown}
 i - 4 scrolls of identify {unknown}
 n - a scroll of noise {unknown}
Potions
 e - 3 potions of curing {unknown}
 k - 2 potions of lignification {unknown}
 m - a potion of ambrosia {unknown}
 o - a potion of mutation {unknown}
 p - a potion of might {unknown}


   Skills:
 + Level 2.7 Fighting
 - Level 3.2 Long Blades
 - Level 2.0 Throwing
 + Level 3.6 Dodging
 - Level 1.7 Stealth
 + Level 1.0 Unarmed Combat
 * Level 1.3 Shapeshifting


You had 3 spell levels left.
You didn't know any spells.
Your spell library contained the following spells:

 Spells                   Type           Power      Damage    Failure   Level
 Inner Flame              Hex/Fire       0%         N/A       75%         3
 Flame Wave               Conj/Fire      0%         2d4       98%         4
 Sticky Flame             Conj/Fire      0%         2d3       98%         4


Dungeon Overview and Level Annotations

Branches:
Dungeon (3/15)

Altars:

Annotations:
D:3 Robin


Innate Abilities, Weirdness & Mutations

You cannot wear most types of armour.
You are amphibious.
You can wear up to eight rings at the same time.
Your skin changes colour to match your surroundings (Stealth+).
Your rubbery body absorbs attacks. (AC +1, EV +1)
((You are camouflaged when in or above water. (Stealth+)))
You have tentacles for arms and can constrict up to eight enemies at once.


Message History

The goblin shoots a sling bullet.
The sling bullet completely misses you.
The goblin shoots a sling bullet.
The sling bullet hits you.
The goblin shoots a sling bullet.
The sling bullet hits you.
You start resting.
A goblin is nearby!
You start resting.
A goblin is nearby!
The goblin shoots a sling bullet.
The sling bullet closely misses you. Robin throws the goblin at you!
The goblin shoots a sling bullet.
The sling bullet hits you.
You are too injured to fight recklessly!
You are too injured to fight recklessly!
You hit the goblin. Your grab misses the goblin.
The goblin is heavily wounded.
The goblin hits you with a +0 club.
Robin roars a battlecry!
The goblins go into a battle-frenzy!
The goblin shoots a sling bullet.
The sling bullet barely misses you. The goblin hits you but does no damage.
The goblin shoots a sling bullet.
The sling bullet closely misses you. The goblin barely misses you.
The goblin attacks as you move away! The goblin barely misses you.
The goblin shoots a sling bullet.
The sling bullet barely misses you.
You hit the goblin but do no damage. You grab the goblin.
The goblin is heavily wounded.
You constrict the goblin. The goblin hits you with a +0 club.
* * * LOW HITPOINT WARNING * * *
You hit the goblin.
You kill the goblin!
You start resting.
A goblin is nearby!
Okay, then.
Robin throws the goblin at you! The goblin hits you with a +0 club!
* * * LOW HITPOINT WARNING * * *
The goblin unwields a +0 sling.
The goblin wields a +0 club.
The goblin misses you.
You hit the goblin.
You kill the goblin!
The goblin hits you with a +0 club.
You die...

#.# #.###
#.# #...#
#+# ###.#
#.# ##.#
##..#
####...#####
+.......g)g#
####....##@#
#.....#.#
#.g...#.#
#.....#.#
##....#.#
#......#
####.### #g#
#.#


You could see Robin and a goblin (strong).

Vanquished Creatures
  A gnoll (D:1)
  2 adders (D:2)
  A worm (D:2)
  3 dart slugs (D:2)
  2 bats
  7 endoplasms
  5 giant cockroaches
  9 goblins
  3 hobgoblins (D:1)
  4 jackals (D:1)
  2 quokkas (D:1)
  2 ball pythons (D:1)
  4 frilled lizards
  3 kobolds
  5 rats
53 creatures vanquished.

Notes
Turn   | Place    | Note
-------+----------+-------------------------------------------
     0 | D:1      | Ethylacetat the Octopode Gladiator began the quest for the
                  | Orb.
     0 | D:1      | Reached XP level 1. HP: 14/14 MP: 1/1
   234 | D:1      | Reached skill level 1 in Stealth
   234 | D:1      | Reached XP level 2. HP: 19/19 MP: 2/2
   433 | D:1      | Reached XP level 3. HP: 16/25 MP: 3/3
   787 | D:2      | Found a faded altar of an unknown god.
   831 | D:2      | Reached XP level 4. HP: 22/30 MP: 4/4
   900 | D:2      | Reached skill level 1 in Shapeshifting
  1877 | D:3      | Reached skill level 1 in Unarmed Combat
  1958 | D:3      | Noticed Robin
  1990 | D:3      | Slain by a goblin

Illustrated notes

Levels and vault maps discovered:
D:1:      minmay_arrival_four_circles, layout_loops_ring,
          chequers_decorated_corner
D:2:      layout_basic, ebering_ecumenical_altar_box, minmay_misc_feat_x
D:3:      layout_loops_corners, ebering_ghost_rock_garden, serial_shops,
          nicolae_shop_trees, uniq_robin

Skill      XL: |  1  2  3  4 |
---------------+-------------+-----
Stealth        | 1 |  1.7
Shapeshifting  | 1 |  1.3
Unarmed Combat | 1 |  1.0
Fighting       | |  2.7
Long Blades    | |  3.2
Throwing       | |  2.0
Dodging        | |  3.6

Action                     |  1- 3 |  4- 6 || total
---------------------------+-------+-------++-------
  Melee: Long sword        |    61 |    37 ||    98
         Constrict         |    16 |    11 ||    27
         Tentacles         |    12 |     6 ||    18
         Punch             |       |     1 ||     1
   Stab: Sleeping          |    10 |     6 ||    16
 Armour: Skin              |     2 |     1 ||     3
  Dodge: Dodged            |    54 |    28 ||    82

Table legend: (Time is in decaauts)
 A = Elapsed time spent in this place.
 B = Non-inter-level travel time spent in this place.
 C = Inter-level travel time spent in this place.
 D = Time resting spent in this place.
 E = Time spent auto-exploring this place.
 F = Levels seen in this place.
 G = Mean time per level.
                   A        B        C        D        E       F      G
               +--------+--------+--------+--------+--------+-----+--------+
         Total |   2010 |   1965 |     45 |      7 |   1596 |   3 |  670.0 |
       Dungeon |   2010 |   1965 |     45 |      7 |   1596 |   3 |  670.0 |
               +--------+--------+--------+--------+--------+-----+--------+

Top non-repeatable levels by time:
     D:2: 1027 daAuts
     D:1: 790 daAuts
     D:3: 192 daAuts
